3AAA
NAPERVILLE BATTLEKINGS @ SALT LAKE CITY BUZZ
07/13/2027
 
TOP OF THE 1ST
Naperville Battlekings batting - Pitching for Salt Lake City Buzz : LHP Roberto De La Cruz
Pitching: LHP Roberto De La Cruz
Batting: RHB Zeus Preckwinkle 0-0: Called Strike
0-1: Called Strike
0-2: Strikes out swinging
Batting: RHB Matt Love 0-0: Foul Ball, location: 2F
0-1: Ground out 5-3 (Groundball, 56)
Batting: RHB Jorge Baker 0-0: Called Strike
0-1: Foul Ball, location: 2F
0-2: Ball
1-2: Ball
2-2: Foul Ball, location: 2F
2-2: Foul Ball, location: 2F
2-2: Fly out, F9 (Flyball, 9D)
Top of the 1st over - 0 run(s), 0 hit(s), 0 error(s), 0 left on base; Naperville 0 - Salt Lake City 0
BOTTOM OF THE 1ST
Salt Lake City Buzz batting - Pitching for Naperville Battlekings : RHP Alberto Mendoza
Pitching: RHP Alberto Mendoza
Batting: LHB Roberto Soto 0-0: Ground out 4-3 (Groundball, 4)
Batting: LHB Frank Sharp 0-0: Ball
1-0: Ball
2-0: Ball
3-0: Base on Balls
Batting: RHB Ulbert Sutkamp 0-0: Foul Ball, location: 2F
0-1: Ball
1-1: Called Strike
1-2: Ball
Frank Sharp steals 2nd base
2-2: Fly out, F9 (Flyball, 9)
Batting: RHB Vicente Cruz 0-0: Fly out, F9 (Flyball, 9S)
Bottom of the 1st over - 0 run(s), 0 hit(s), 0 error(s), 1 left on base; Naperville 0 - Salt Lake City 0
TOP OF THE 2ND
Naperville Battlekings batting - Pitching for Salt Lake City Buzz : LHP Roberto De La Cruz
Batting: RHB Manuel Guillama 0-0: Foul Ball, location: 2F
0-1: Called Strike
0-2: Foul Ball, location: 2F
0-2: Ball
1-2: Strikes out swinging
Batting: LHB Dewitt Hopper 0-0: SINGLE (Line Drive, 7LM)
Batting: RHB Jay Hood 0-0: Fielders Choice at 2nd, 6-4 (Groundball, 6)
Batting: LHB Joe Cashmore 0-0: Swinging Strike
0-1: Ball
1-1: Ball
2-1: Swinging Strike
2-2: Fly out, F8 (Flyball, 8LS)
Top of the 2nd over - 0 run(s), 1 hit(s), 0 error(s), 1 left on base; Naperville 0 - Salt Lake City 0
BOTTOM OF THE 2ND
Salt Lake City Buzz batting - Pitching for Naperville Battlekings : RHP Alberto Mendoza
Batting: RHB Jung-hwan Kwon 0-0: Ground out 4-3 (Groundball, 4S)
Batting: RHB Alan Rosales 0-0: Ball
1-0: Foul Ball, location: 2F
1-1: Fly out, F9 (Flyball, 9LMF)
Batting: RHB Zach Lewis 0-0: Ball
1-0: Ground out 4-3 (Groundball, 4M)
Bottom of the 2nd over - 0 run(s), 0 hit(s), 0 error(s), 0 left on base; Naperville 0 - Salt Lake City 0
TOP OF THE 3RD
Naperville Battlekings batting - Pitching for Salt Lake City Buzz : LHP Roberto De La Cruz
Batting: RHB Rod Jones 0-0: Ball
1-0: Bunt for hit - play at first, batter OUT! 5-3
Batting: RHB Jimmy Dawson 0-0: Ball
1-0: Ball
2-0: Called Strike
2-1: Ball
3-1: Base on Balls
Batting: RHB Zeus Preckwinkle 0-0: Ball
1-0: Ball
2-0: SINGLE (Line Drive, 8RS)
Jimmy Dawson to second
Batting: RHB Matt Love 0-0: Foul Ball, location: 2F
0-1: Foul Ball, location: 2F
0-2: Strikes out swinging
Batting: RHB Jorge Baker 0-0: Ball
1-0: Foul Ball, location: 2F
1-1: Called Strike
1-2: Fly out, F7 (Line Drive, 7)
Top of the 3rd over - 0 run(s), 1 hit(s), 0 error(s), 2 left on base; Naperville 0 - Salt Lake City 0
BOTTOM OF THE 3RD
Salt Lake City Buzz batting - Pitching for Naperville Battlekings : RHP Alberto Mendoza
Batting: RHB Adrian Rodgers 0-0: Called Strike
0-1: Called Strike
0-2: Foul Ball, location: 2F
0-2: Ball
1-2: Foul Ball, location: 2F
1-2: Foul Ball, location: 2F
1-2: Strikes out swinging
Batting: RHB Gustavo Berrios 0-0: Ball
1-0: Called Strike
1-1: Swinging Strike
1-2: Strikes out swinging
Batting: LHB Roberto Soto 0-0: Ball
1-0: Swinging Strike
1-1: Called Strike
1-2: Foul Ball, location: 2F
1-2: Foul Ball, location: 2F
1-2: Strikes out swinging
Bottom of the 3rd over - 0 run(s), 0 hit(s), 0 error(s), 0 left on base; Naperville 0 - Salt Lake City 0
TOP OF THE 4TH
Naperville Battlekings batting - Pitching for Salt Lake City Buzz : LHP Roberto De La Cruz
Batting: RHB Manuel Guillama 0-0: Ball
1-0: Ball
2-0: Called Strike
2-1: Fly out, F8 (Flyball, 8LM)
Batting: LHB Dewitt Hopper 0-0: Called Strike
0-1: Ball
1-1: Fly out, F8 (Line Drive, 78S)
Batting: RHB Jay Hood 0-0: Ball
1-0: Swinging Strike
1-1: Called Strike
1-2: Strikes out swinging
Top of the 4th over - 0 run(s), 0 hit(s), 0 error(s), 0 left on base; Naperville 0 - Salt Lake City 0
BOTTOM OF THE 4TH
Salt Lake City Buzz batting - Pitching for Naperville Battlekings : RHP Alberto Mendoza
Batting: LHB Frank Sharp 0-0: SINGLE (Flyball, 8RS)
Batting: RHB Ulbert Sutkamp 0-0: Foul Ball, location: 2F
0-1: Called Strike
Throwing error on steal attempt, E2
Frank Sharp to third
0-2: Ball
1-2: Fly out, F8 (Flyball, 78M)
Runner from 3rd tags up, SCORES, no throw
Batting: RHB Vicente Cruz 0-0: Fly out, F9 (Flyball, 9LSF)
Batting: RHB Jung-hwan Kwon 0-0: Called Strike
0-1: Ground out 4-3 (Groundball, 4M)
Bottom of the 4th over - 1 run(s), 1 hit(s), 1 error(s), 0 left on base; Naperville 0 - Salt Lake City 1
TOP OF THE 5TH
Naperville Battlekings batting - Pitching for Salt Lake City Buzz : LHP Roberto De La Cruz
Batting: LHB Joe Cashmore 0-0: Ball
1-0: Ball
2-0: Ball
3-0: Called Strike
3-1: Foul Ball, location: 2F
3-2: Base on Balls
Batting: RHB Rod Jones 0-0: Ball
1-0: Foul Ball, location: 2F
1-1: Grounds into double play, 4-6-3 (Groundball, 4)
Batting: RHB Jimmy Dawson 0-0: Called Strike
0-1: Called Strike
0-2: Foul Ball, location: 2F
0-2: Strikes out swinging
Top of the 5th over - 0 run(s), 0 hit(s), 0 error(s), 0 left on base; Naperville 0 - Salt Lake City 1
BOTTOM OF THE 5TH
Salt Lake City Buzz batting - Pitching for Naperville Battlekings : RHP Alberto Mendoza
Batting: RHB Alan Rosales 0-0: Called Strike
0-1: Swinging Strike
0-2: Ball
1-2: Ball
2-2: Fly out, F1 (Popup, 13)
Batting: RHB Zach Lewis 0-0: Ball
1-0: Ball
2-0: Foul Ball, location: 2F
2-1: Ball
3-1: Base on Balls
Batting: RHB Adrian Rodgers 0-0: Grounds into double play, 5-4-3 (Groundball, 5)
Bottom of the 5th over - 0 run(s), 0 hit(s), 0 error(s), 0 left on base; Naperville 0 - Salt Lake City 1
TOP OF THE 6TH
Naperville Battlekings batting - Pitching for Salt Lake City Buzz : LHP Roberto De La Cruz
Batting: RHB Zeus Preckwinkle 0-0: Foul Ball, location: 2F
0-1: Ball
1-1: Foul Ball, location: 2F
1-2: Ball
2-2: SINGLE (Groundball, 34D)
Batting: RHB Matt Love 0-0: Ball
Zeus Preckwinkle is caught stealing 2nd base
1-0: Foul Ball, location: 2F
1-1: Ground out U3 (Groundball, 34S)
Batting: RHB Jorge Baker 0-0: Ball
1-0: Fly out, F4 (Line Drive, 4)
Top of the 6th over - 0 run(s), 1 hit(s), 0 error(s), 0 left on base; Naperville 0 - Salt Lake City 1
BOTTOM OF THE 6TH
Salt Lake City Buzz batting - Pitching for Naperville Battlekings : RHP Alberto Mendoza
Batting: RHB Gustavo Berrios 0-0: Ball
1-0: Ball
2-0: Ball
3-0: Base on Balls
Batting: LHB Roberto Soto 0-0: Sac Bunt - play at first, batter OUT! 1-4
Gustavo Berrios to second
Batting: LHB Frank Sharp 0-0: Ball
1-0: Called Strike
1-1: Ball
2-1: Ball
3-1: Foul Ball, location: 2F
3-2: Base on Balls
Batting: RHB Ulbert Sutkamp 0-0: Called Strike
0-1: Foul Ball, location: 2F
0-2: Ball
1-2: Foul Ball, location: 2F
1-2: Fly out, F8 (Flyball, 8RD)
Runner from 2nd tags up, SAFE at 3rd, no throw
Batting: RHB Vicente Cruz 0-0: Called Strike
Frank Sharp steals 2nd base
0-1: Foul Ball, location: 2F
0-2: Ball
1-2: Ball
2-2: Ball
3-2: Foul Ball, location: 2F
3-2: Fly out, F8 (Flyball, 8LS)
Bottom of the 6th over - 0 run(s), 0 hit(s), 0 error(s), 2 left on base; Naperville 0 - Salt Lake City 1
TOP OF THE 7TH
Naperville Battlekings batting - Pitching for Salt Lake City Buzz : LHP Roberto De La Cruz
Batting: RHB Manuel Guillama 0-0: Ball
1-0: Fly out, F6 (Line Drive, 6MS)
Batting: LHB Dewitt Hopper 0-0: Called Strike
0-1: Foul Ball, location: 2F
0-2: Foul Ball, location: 2F
0-2: Ball
1-2: Ball
2-2: Foul Ball, location: 2F
2-2: Foul Ball, location: 2F
2-2: Foul Ball, location: 2F
2-2: Ball
3-2: Ground out U3 (Groundball, 3)
Batting: RHB Jay Hood 0-0: Called Strike
0-1: Ball
1-1: Called Strike
1-2: Ball
2-2: Strikes out swinging, 2-3 out at first.
Top of the 7th over - 0 run(s), 0 hit(s), 0 error(s), 0 left on base; Naperville 0 - Salt Lake City 1
BOTTOM OF THE 7TH
Salt Lake City Buzz batting - Pitching for Naperville Battlekings : RHP Alberto Mendoza
Batting: RHB Jung-hwan Kwon 0-0: Fly out, F9 (Flyball, 9S)
Batting: RHB Alan Rosales 0-0: Called Strike
0-1: Ball
1-1: Ball
2-1: Ball
3-1: Base on Balls
Pinch Hitting: LHB Ron Bascombe 0-0: Ball
1-0: Called Strike
1-1: Reached on error, E4 (Groundball, 34)
Alan Rosales to second
Batting: RHB Adrian Rodgers 0-0: SINGLE (Flyball, 6MD)
Alan Rosales to third
Ron Bascombe to second
Runner from 3rd tries for Home, SAFE, no throw
Pinch Hitting: LHB Ángel Aguilar 0-0: Ball
1-0: Fielders Choice at 2nd, 1-4 (Groundball, 15)
Ron Bascombe to third
Batting: LHB Roberto Soto 0-0: Ball
1-0: Called Strike
1-1: Ball
2-1: Fly out, F8 (Flyball, 8LD)
Bottom of the 7th over - 1 run(s), 1 hit(s), 1 error(s), 2 left on base; Naperville 0 - Salt Lake City 2
TOP OF THE 8TH
Naperville Battlekings batting - Pitching for Salt Lake City Buzz : LHP Roberto De La Cruz
Now at 1B: Jack Davis
Now at SS: Alejandro Herrera
Batting: LHB Joe Cashmore 0-0: Called Strike
0-1: Swinging Strike
0-2: Ball
1-2: SOLO HOME RUN (Flyball, 8RD), Distance : 449 ft
Batting: RHB Rod Jones 0-0: Fly out, F6 (Line Drive, 6)
Batting: RHB Jimmy Dawson 0-0: Ball
1-0: Called Strike
1-1: Foul Ball, location: 2F
1-2: Strikes out swinging
Batting: RHB Zeus Preckwinkle 0-0: Called Strike
0-1: Called Strike
0-2: Ball
1-2: Ball
2-2: Foul Ball, location: 2F
2-2: Foul Ball, location: 2F
2-2: Fly out, F8 (Flyball, 8LS)
Top of the 8th over - 1 run(s), 1 hit(s), 0 error(s), 0 left on base; Naperville 1 - Salt Lake City 2
BOTTOM OF THE 8TH
Salt Lake City Buzz batting - Pitching for Naperville Battlekings : RHP Alberto Mendoza
Batting: LHB Frank Sharp 0-0: Fly out, F7 (Flyball, 7LMF)
Batting: RHB Ulbert Sutkamp 0-0: Ball
1-0: Fly out, F9 (Flyball, 9D)
Batting: RHB Vicente Cruz 0-0: Ball
1-0: SINGLE (Line Drive, 89S)
Batting: RHB Jung-hwan Kwon 0-0: Called Strike
0-1: Ball
1-1: Ball
2-1: Ground out 1-3 (Groundball, 13)
Bottom of the 8th over - 0 run(s), 1 hit(s), 0 error(s), 1 left on base; Naperville 1 - Salt Lake City 2
TOP OF THE 9TH
Naperville Battlekings batting - Pitching for Salt Lake City Buzz : LHP Roberto De La Cruz
Pitching: RHP Jim Unknown
Pinch Hitting: LHB Curtis Peters 0-0: Ball
1-0: Swinging Strike
1-1: Ball
2-1: Ball
3-1: Foul Ball, location: 2F
3-2: Strikes out looking
Batting: RHB Jorge Baker 0-0: Ball
1-0: Foul Ball, location: 2F
1-1: Called Strike
1-2: Ball
2-2: Ground out 4-3 (Groundball, 34D)
Batting: RHB Manuel Guillama 0-0: Foul Ball, location: 2F
0-1: Ground out 6-3 (Groundball, 6MD)
Top of the 9th over - 0 run(s), 0 hit(s), 0 error(s), 0 left on base; Naperville 1 - Salt Lake City 2
Saturday, May 26th, 2018 - OOTP Baseball 17.12 Build 75